 Dungeon Crawl Stone Soup version 0.21.0-25-ge575cb9 (webtiles) character file.

10054 JeffiDaFish the Cleaver (level 11, -2/97 HPs)
             Began as a Minotaur Fighter on Jan 24, 2018.
             Was a High Priest of Okawaru.
             Slain by a jumping spider (8 damage)
             ... on level 2 of the Lair of Beasts.
             The game lasted 00:24:49 (10875 turns).

JeffiDaFish the Cleaver (Minotaur Fighter)         Turns: 10875, Time: 00:24:50

Health: -2/97      AC: 15    Str: 19 (21) XL:     11   Next: 31%
Magic:  10/10      EV: 11    Int:  6 (7)  God:    Okawaru [*****.]
Gold:   545        SH: 11    Dex: 13      Spells: 10/10 levels left

rFire    + + .     SeeInvis .   a - +1 war axe (freeze)
rCold    + . .     Gourm    .   c - +0 shield
rNeg     . . .     Faith    .   d - +4 scale mail {rF+}
rPois    +         Spirit   .   (helmet restricted)
rElec    +         Reflect  .   (no cloak)
rCorr    +         Harm     .   r - +0 pair of gloves
MR       .....                  (no boots)
Stlth    +.........             p - amulet of regeneration
HPRegen  0.66/turn              (no ring)
MPRegen  0.12/turn              (no ring)

@: lethally poisoned (-2 -> -26), about to teleport, resistant
A: retaliatory headbutt, horns 2, icy blue scales 1, clever 1, wild magic 1
a: Heroism, Finesse, Renounce Religion


You were on level 2 of the Lair of Beasts.
You worshipped Okawaru.
Okawaru was extremely pleased with you.
You were not hungry.

You visited 3 branches of the dungeon, and saw 12 of its levels.

You collected 545 gold pieces.

Inventory:

Hand Weapons
 a - a +1 war axe of freezing (weapon)
 m - a +2 flail of holy wrath
Armour
 c - a +0 shield (worn)
 d - a +4 scale mail of fire resistance (worn)
 l - a +0 plate armour
 r - a +0 pair of gloves (worn)
Jewellery
 p - an amulet of regeneration (around neck)
Wands
 j - a wand of disintegration (13)
Scrolls
 b - 3 scrolls of identify
 e - 8 scrolls of remove curse
 h - 2 scrolls of fog
 k - a scroll of blinking
Potions
 n - a potion of resistance
Books
 q - a book of Debilitation

   Spells                             Type                      Level
   a - Corona                         Hexes                        1
   b - Slow                           Hexes                        2
   c - Inner Flame                    Hexes/Fire                   3
   d - Portal Projectile              Hexes/Translocation          3
   e - Cause Fear                     Hexes                        4
   f - Leda's Liquefaction            Hexes/Earth                  4
Comestibles
 f - 21 rations
 g - 5 chunks of flesh


   Skills:
 + Level 9.0 Fighting
 + Level 13.6(13.7) Axes
 + Level 2.4(9.4) Maces & Flails
 + Level 9.0 Armour
 + Level 5.4 Dodging
 + Level 2.1 Stealth
 + Level 9.4 Shields


You had 10 spell levels left.
You didn't know any spells.

Dungeon Overview and Level Annotations

Branches:
Dungeon (9/15)             Temple (1/1) D:7            Lair (2/6) D:9
  Swamp (0/4) Lair:2          Orc (0/2) D:9
  Snake: Lair:2-4    Spider: Lair:2-4

Altars:
Dithmenos
Fedhas
Gozag
Hepliaklqana
Kikubaaqudgha
Makhleb
Okawaru
Sif Muna
Trog
Uskayaw
Vehumet
Wu Jian
Xom
Yredelemnul
Zin
The Shining One
Beogh

Shops:
D:6 :


Innate Abilities, Weirdness & Mutations

You reflexively headbutt those who attack you in melee.
You have a pair of horns on your head.
You are partially covered in icy blue scales. (AC +2)
Your mind is acute. (Int +2)
Your spells are a little harder to cast, but a little more powerful.


Message History

You hit the jumping spider but do no damage.
The jumping spider leaps!
The jumping spider barely misses you. You block the jumping spider's attack.
The redback bites you!
* * * LOW HITPOINT WARNING * * *
Unknown command.
You completely miss the jumping spider. You barely miss the redback.
The jumping spider leaps!
The jumping spider pounces on you!
* * * LOW HITPOINT WARNING * * *
The jumping spider closely misses you. The redback bites you.
* * * LOW HITPOINT WARNING * * *
You are lethally poisoned!
The redback poisons you!
You feel protected.
* * * LOW HITPOINT WARNING * * *
You feel very sick.
The jumping spider pounces on you but does no damage.
The jumping spider bites you but does no damage.
The jumping spider leaps!
You block the redback's attack.
The jumping spider leaps!
The jumping spider pounces on you!
You die...

.......#......(..##..##..........
....P#.+.........##...#.........#
....####..........##.............
....# ##P#####+..##............#
....# ### ...#####.##.P#.###
...### #. .##########.##
#P...########## .§. ## ##..#
...>...##..#..####.#...# #...#
.......##.......@s§...# ##..##
........#......§s##≈≈≈# #.#.#
........#.s..§.### ..# ##..##
......P.......## ..# #.†.#
...(..#.#.....# #.# #..##
......#.+.....# . ##.##♣
......#P#.s/..# ##.P##
.###.########## #P.### .#####
##..#.


You could see 3 jumping spiders and a redback.

Vanquished Creatures
  Pikel (D:4)
  The ghost of JeffiDaFish the Chopper, a novice MiFi of Okawaru (D:5)
  A spiny frog (Lair:1)
  2 komodo dragons
  3 trolls (D:9)
  A hornet (D:9)
  3 hippogriffs (D:9)
  2 redbacks (Lair:2)
  A spriggan (D:9)
  12 yaks (Lair:1)
  Sigmund (D:2)
  The ghost of fourfacedrat the Vandal, an amateur HaAM (D:4)
  6 swamp worms (Lair:2)
  4 water moccasins
  5 orc warriors
  2 sky beasts
  6 ogres
  A phantom (D:9)
  3 centaurs
  A crocodile (Lair:2)
  2 big kobolds (D:9)
  2 bullfrogs
  A wyvern zombie (D:9)
  A scorpion (D:9)
  5 killer bees (D:8)
  A howler monkey (D:8)
  An electric eel (Lair:2)
  3 crimson imps
  A quasit (D:7)
  3 hounds
  7 orc priests
  3 bullfrog skeletons
  A centaur skeleton (D:9)
  3 iguanas
  11 orc wizards
  3 worker ants
  A hound skeleton (D:6)
  A howler monkey zombie (D:5)
  11 gnolls
  8 adders
  A howler monkey skeleton (D:5)
  2 shadow imps
  An ooze (D:2)
  2 adder zombies
  An adder skeleton (D:8)
  3 worms (D:2)
  5 dart slugs
  2 leopard geckos
  34 orcs
  6 bats
  7 giant cockroaches
  5 goblins
  4 hobgoblins
  11 jackals
  27 kobolds
  3 quokkas
  A ball python (D:4)
  6 frilled lizards
  A jackal skeleton (D:7)
  A leopard gecko skeleton (D:7)
  9 rats
  A fungus (Lair:2)
  A plant (Lair:2)
260 creatures vanquished.

Vanquished Creatures (others)
  An adder (D:4)
  A quokka (D:4)
  2 fungi (Lair:2)
  A plant (Lair:2)
  7 toadstools (D:1)
12 creatures vanquished.

Grand Total: 272 creatures vanquished

Notes
Turn   | Place    | Note
-------+----------+-------------------------------------------
     0 | D:1      | JeffiDaFish the Minotaur Fighter began the quest for the Orb.
     0 | D:1      | Reached XP level 1. HP: 19/19 MP: 0/0
    80 | D:1      | Gained mutation: Your mind is acute. (Int +2) [potion of mutation]
    80 | D:1      | Gained mutation: Your spells are a little harder to cast, but a little more powerful. [potion of mutation]
    80 | D:1      | Gained mutation: You are partially covered in icy blue scales. (AC +2) [potion of mutation]
   110 | D:1      | Reached XP level 2. HP: 26/27 MP: 1/1
   508 | D:1      | Reached skill level 3 in Axes
   697 | D:2      | Reached XP level 3. HP: 33/33 MP: 2/2
   733 | D:2      | Reached skill level 1 in Dodging
   826 | D:2      | Reached skill level 4 in Axes
   826 | D:2      | Reached XP level 4. HP: 35/40 MP: 3/3
  1070 | D:2      | Found a burning altar of Makhleb.
  1244 | D:2      | Noticed Sigmund
  1250 | D:2      | Killed Sigmund
  1250 | D:2      | Reached skill level 5 in Axes
  1250 | D:2      | Reached XP level 5. HP: 47/47 MP: 4/4
  1553 | D:3      | Reached XP level 6. HP: 53/53 MP: 5/5
  2386 | D:4      | Noticed fourfacedrat's ghost (amateur HaAM)
  2395 | D:4      | Killed fourfacedrat's ghost
  2395 | D:4      | Reached skill level 6 in Axes
  2395 | D:4      | Reached skill level 5 in Armour
  2395 | D:4      | Reached skill level 5 in Shields
  2493 | D:4      | Noticed a slave
  2495 | D:4      | Noticed a slave
  2496 | D:4      | Noticed Pikel
  2496 | D:4      | Noticed a slave
  2499 | D:4      | Noticed a slave
  2519 | D:4      | Killed Pikel
  2519 | D:4      | Reached skill level 5 in Fighting
  2519 | D:4      | Reached skill level 7 in Axes
  2519 | D:4      | Reached skill level 1 in Stealth
  2519 | D:4      | Reached XP level 7. HP: 26/61 MP: 6/6
  2785 | D:4      | Reached XP level 8. HP: 55/68 MP: 7/7
  2876 | D:4      | Reached skill level 8 in Axes
  3184 | D:5      | Entered Level 5 of the Dungeon
  3197 | D:5      | Found a shadowy altar of Dithmenos.
  3834 | D:5      | Found a blossoming altar of Fedhas.
  3842 | D:5      | Reached skill level 9 in Axes
  4027 | D:5      | Noticed JeffiDaFish's ghost (novice MiFi)
  4049 | D:5      | Killed JeffiDaFish's ghost
  4273 | D:5      | Reached XP level 9. HP: 56/75 MP: 5/8
  4385 | D:5      | Reached skill level 10 in Axes
  4731 | D:6      | Found an opulent altar of Gozag.
  5506 | D:6      | Reached skill level 1 in Maces & Flails
  5626 | D:6      | Found Fokk's Book Boutique.
  5917 | D:7      | Found a staircase to the Ecumenical Temple.
  5954 | Temple   | Entered the Ecumenical Temple
  6010 | Temple   | Became a worshipper of Warmaster Okawaru
  6343 | D:7      | Found a deep blue altar of Sif Muna.
  6769 | D:8      | Noticed a two-headed ogre
  7290 | D:8      | Reached skill level 11 in Axes
  7299 | D:8      | Reached * piety under Okawaru
  7311 | D:8      | Noticed a two-headed ogre
  7311 | D:8      | Noticed a troll
  7322 | D:8      | Noticed a centaur warrior
  7781 | D:9      | Found a glowing silver altar of Zin.
  7987 | D:9      | Paralysed by a hornet for 3 turns
  7991 | D:9      | Reached XP level 10. HP: 48/86 MP: 9/9
  8010 | D:9      | Reached ** piety under Okawaru
  8466 | D:9      | Reached skill level 12 in Axes
  8776 | D:9      | Reached *** piety under Okawaru
  8782 | D:9      | Found a staircase to the Orcish Mines.
  9020 | D:9      | Found a staircase to the Lair.
  9131 | D:9      | Found a deep blue altar of Sif Muna.
  9166 | D:9      | Found a roughly hewn altar of Beogh.
  9463 | Lair:1   | Entered Level 1 of the Lair of Beasts
  9485 | Lair:1   | Reached **** piety under Okawaru
  9493 | Lair:1   | Reached skill level 13 in Axes
  9524 | Lair:1   | Reached XP level 11. HP: 72/95 MP: 10/10
 10350 | Lair:2   | Found a staircase to the Swamp.
 10358 | Lair:2   | Reached ***** piety under Okawaru
 10696 | Lair:2   | Reached skill level 5 in Dodging
 10875 | Lair:2   | Slain by a jumping spider

Skill      XL: |  1  2  3  4  5  6  7  8  9 10 11 |
---------------+----------------------------------+-----
Fighting       | 4 5 6 7 8 9 |  9.0
Armour         | 4 5 7 8 9 |  9.0
Shields        | 4 5 6 7 9 |  9.4
Axes           | 3 4 5 7 9 11 13 | 13.6
Dodging        | 1 2 3 4 5 |  5.4
Stealth        | 1 2 |  2.1
Maces & Flails | 2 |  2.4

Action                   |  1- 3 |  4- 6 |  7- 9 | 10-12 || total
-------------------------+-------+-------+-------+-------++-------
Melee: War axe           |    74 |   113 |   340 |   232 ||   759
       Headbutt          |    10 |    20 |    68 |    36 ||   134
       Flail             |       |       |    29 |       ||    29
Invok: Heroism           |       |       |       |     1 ||     1
  Use: Scroll            |     4 |     4 |    11 |     3 ||    22
       Potion            |     2 |     5 |     8 |     5 ||    20
 Stab: Invisible         |       |     2 |       |       ||     2
  Eat: Chunk             |       |     5 |    18 |     9 ||    32
Armor: Scale mail        |    39 |    52 |   128 |    71 ||   290
Dodge: Dodged            |    26 |    30 |   134 |    59 ||   249
Block: Shield            |    44 |    50 |   180 |   143 ||   417
